 Dungeon Crawl Stone Soup version 0.28.0-1-gb440e238dd (webtiles) character file.

Game seed: 15046495184492039129

28879 jjjjhere the Warrior (level 13, -15/130 HPs)
             Began as a Hill Orc Cinder Acolyte on Feb 21, 2022.
             Was a Believer of Ignis.
             Demolished by Sonja (18 damage)
             ... on level 2 of the Lair of Beasts.
             The game lasted 00:30:58 (24226 turns).

jjjjhere the Warrior (Hill Orc Cinder Acolyte)     Turns: 24226, Time: 00:30:59

Health: -15/130    AC: 25    Str: 20    XL:     13   Next: 41%
Magic:  16/16      EV:  7    Int: 20    God:    Ignis [**....]
Gold:   658        SH: 10    Dex:  8    Spells: 16/16 levels left

rFire   + . .      SeeInvis .   z - +3 trident (flame)
rCold   . . .      Faith    .   J - +0 kite shield
rNeg    . . .      Spirit   .   x - +3 chain mail
rPois   .          Reflect  .   I - +1 helmet
rElec   .          Harm     .   (no cloak)
rCorr   .          Rampage  .   A - +0 pair of gloves
Will    .....                   g - +1 pair of boots
Stlth   ..........              G - amulet of the acrobat
HPRegen 0.31/turn               u - +6 ring of intelligence
MPRegen 0.15/turn               B - +4 ring of protection

@: no status effects
A: no striking features
a: Renounce Religion, Fiery Armour, Foxfire Swarm, Rising Flame


You were on level 2 of the Lair of Beasts.
You worshipped Ignis.
Ignis was pleased with you.
You visited 2 branches of the dungeon, and saw 12 of its levels.

You collected 691 gold pieces.
You spent 33 gold pieces at shops.

Inventory:

Hand Weapons
 a - a +0 hand axe of flaming
 b - a +0 war axe
 z - a +3 trident of flaming (weapon)
Missiles
 r - 11 poisoned darts (quivered)
 y - a curare-tipped dart
 H - 6 javelins
Armour
 g - a +1 pair of boots (worn)
 x - a +3 chain mail (worn)
 A - a +0 pair of gloves (worn)
 I - a +1 helmet (worn)
 J - a +0 kite shield (worn)
Jewellery
 u - a +6 ring of intelligence (left hand)
 B - a +4 ring of protection (right hand)
 G - an amulet of the acrobat (around neck)
Wands
 F - a wand of digging (4)
 K - a wand of acid (2)
Scrolls
 c - 2 scrolls of torment
 d - a scroll of holy word
 f - 3 scrolls of magic mapping
 h - 6 scrolls of teleportation
 m - a scroll of enchant weapon
 p - a scroll of fog
 t - a scroll of blinking
 D - a scroll of enchant armour
 E - 2 scrolls of fear
Potions
 e - 3 potions of lignification
 i - 2 potions of curing
 j - 2 potions of mutation
 k - 2 potions of brilliance
 l - a potion of cancellation
 n - 2 potions of invisibility
 o - 2 potions of resistance
 q - a potion of might
 s - a potion of degeneration {unknown}
 v - 2 potions of attraction {unknown}
 w - 3 potions of heal wounds {unknown}
 C - a potion of magic


   Skills:
 + Level 16.6 Fighting
 - Level 14.1 Axes
 - Level 10.7 Armour
 + Level 10.1 Shields
 - Level 2.0 Spellcasting
 - Level 4.2 Fire Magic
 - Level 3.5 Evocations


You had 16 spell levels left.
You didn't know any spells.
Your spell library contained the following spells:

 Spells                   Type           Power      Damage    Failure   Level
 Scorch                   Fire           38%        2d7       54%         2
 Slow                     Hex            8%         N/A       94%         1
 Summon Small Mammal      Summ           8%         N/A       94%         1
 Sublimation of Blood     Necr           2%         N/A       98%         2
 Call Canine Familiar     Summ           2%         N/A       100%        3
 Confusing Touch          Hex            2%         N/A       100%        3
 Frozen Ramparts          Ice            4%         1d2       100%        3
 Summon Guardian Golem    Hex/Summ       2%         N/A       100%        3
 Vampiric Draining        Necr           2%         2d6       100%        3
 Animate Armour           Summ/Erth      4%         N/A       100%        4
 Ice Form                 Ice/Tmut       2%         N/A       100%        4
 Petrify                  Tmut/Erth      2%         N/A       100%        4
 Summon Ice Beast         Ice/Summ       2%         N/A       100%        4
 Blade Hands              Tmut           1%         N/A       100%        5
 Irradiate                Conj/Tmut      1%         3d14      100%        5
 Iron Shot                Conj/Erth      1%         9d1       100%        6


Dungeon Overview and Level Annotations

Branches:
Dungeon (10/15)            Temple (0/1) D:6            Lair (2/6) D:10
  Swamp: Lair:2-4    Shoals: Lair:2-4     Snake: Lair:2-4    Spider: Lair:2-4
    Orc: D:9-12

Altars:
Ashenzari
Fedhas
Kikubaaqudgha
Makhleb
Nemelex Xobeh
Sif Muna
Trog
Wu Jian
Yredelemnul
Zin
Beogh

Shops:
D:2 (   D:6 (   D:7 *   D:8 [

Annotations:
D:2 Pikel
D:3 1 runed translucent door, JJisdabomb's ghost, amateur DsGl
D:6 2 transporters, Bricks's ghost, novice FoFi
D:8 1 runed translucent door
Lair:2 1 transporter, Sonja


Message History

Found a stone staircase leading down.
Found 14 stones.
Key pressed, stopping explore.
You now have 646 gold pieces (gained 11).
Sonja, the Graceful Assassin comes into view.
She is wielding a +1 short sword of distortion and quivering curare-tipped darts.
Sonja shouts!
Sonja gestures wildly while chanting.
Sonja blinks!
Sonja moves out of view.
You now have 658 gold pieces (gained 12).
There are no items here.
Aiming: Corrosive Bolt
Press: ? - help, Shift-Dir - straight line, f - Sonja
Aim: Sonja, wielding a +1 short sword of distortion and quivering curare-tipped darts (33% to hit)
The bolt of acid misses Sonja.
You block Sonja's attack. x2
Sonja hits you but does no damage. Space warps horribly around you!!
You miss Sonja. Sonja barely misses you. Sonja hits you but does no damage.
Space warps around you. Sonja barely misses you.
You miss Sonja. Sonja barely misses you.
Sonja hits you with a +1 short sword of distortion!
Space warps horribly around you!!
Sonja hits you with a +1 short sword of distortion.
Space warps horribly around you!! You block Sonja's attack.
Sonja hits you with a +1 short sword of distortion.
Space warps horribly around you!
* * * LOW HITPOINT WARNING * * *
Sonja hits you with a +1 short sword of distortion.
* * * LOW HITPOINT WARNING * * *
Space warps around you.
* * * LOW HITPOINT WARNING * * *
Aiming: Corrosive Bolt
Press: ? - help, Shift-Dir - straight line, f/p - Sonja
Aim: Sonja, wielding a +1 short sword of distortion and quivering curare-tipped darts (33% to hit)
The bolt of acid hits Sonja!!
The acid corrodes Sonja!
Sonja is severely wounded.
Sonja hits you but does no damage. Space warps around you.
* * * LOW HITPOINT WARNING * * *
Sonja hits you but does no damage. Space warps horribly around you!
* * * LOW HITPOINT WARNING * * *
Sonja hits you but does no damage. Space warps horribly around you!!
You die...

### #.#### #
#####..#.######.#P#.
...................#
#........@......#
#.........K.....#
###.....####.#....
#.....##### .# ..#
##....##... . .
##........ ##.
..##.....#.... ...
###.#.....###..+.#
..
##..(.##...#.##P..#


You could see Sonja (corroded).

Vanquished Creatures
  Gastronok (D:8)
  Harold (D:7)
  4 hydras
  4 two-headed ogres
  3 death yaks
  A manticore (D:7)
  A gargoyle (D:8)
  6 cane toads
  6 komodo dragons
  2 hellwings (D:7)
  3 trolls
  A polar bear (Lair:2)
  A hornet (D:9)
  9 blink frogs
  A meliai zombie (D:8)
  44 yaks
  A vampire (D:10)
  A wyvern (Lair:1)
  A steam dragon (Lair:2)
  A basilisk (Lair:2)
  Menkaure (D:7)
  6 water moccasins
  Duvessa (D:4)
  5 orc warriors
  3 black bears
  A sky beast (D:3)
  3 necrophages
  2 ogres
  A hornet zombie (D:8)
  A phantom (D:6)
  A centaur (D:6)
  4 lemures
  10 bullfrogs
  2 kobold brigands
  3 scorpions
  2 gnoll sergeants
  A water moccasin zombie (D:6)
  Dowan (D:4)
  6 killer bees (D:9)
  6 wights
  A howler monkey (D:6)
  A vampire bat (Lair:1)
  A bullfrog zombie (D:6)
  3 centaur zombies
  A hound (D:4)
  2 jellies
  3 orc priests
  5 centaur skeletons
  A gnoll shaman (D:10)
  4 iguanas
  Ijyb (D:3)
  7 orc wizards
  2 hound skeletons
  A howler monkey skeleton (D:6)
  Robin (D:2)
  10 gnolls
  10 adders
  4 shadow imps
  A white imp (D:7)
  2 ufetubi
  An adder skeleton (D:4)
  A worm (D:2)
  3 dart slugs
  39 orcs
  18 bats
  6 endoplasms
  5 giant cockroaches
  14 goblins
  12 hobgoblins
  7 jackals (D:4)
  3 quokkas
  3 training dummies (D:6)
  6 ball pythons
  5 frilled lizards
  A goblin zombie (D:8)
  17 kobolds
  A kobold zombie (D:8)
  3 rats
358 creatures vanquished.

Vanquished Creatures (others)
  30 foxfires
  18 fungi
  57 plants
  3 withered plants (D:8)
108 creatures vanquished.

Grand Total: 466 creatures vanquished

Notes
Turn   | Place    | Note
-------+----------+-------------------------------------------
     0 | D:1      | jjjjhere the Hill Orc Cinder Acolyte began the quest for
                  | the Orb.
     0 | D:1      | Reached XP level 1. HP: 19/19 MP: 2/2
   179 | D:1      | Reached XP level 2. HP: 21/26 MP: 3/3
   397 | D:1      | Reached skill level 5 in Axes
   968 | D:1      | Reached XP level 3. HP: 33/33 MP: 4/4
  1476 | D:2      | Reached skill level 1 in Armour
  1484 | D:2      | Reached XP level 4. HP: 40/40 MP: 5/5
  1521 | D:2      | Noticed Robin
  1533 | D:2      | Killed Robin
  1702 | D:2      | Reached skill level 4 in Fighting
  1783 | D:2      | Found Bagu's Antique Weapon Shop.
  1880 | D:2      | Identified the +0 leather armour of Ogautot {rElec rC+
                  | Regen+}
  2337 | D:3      | Found a runed translucent door.
  2341 | D:3      | Noticed JJisdabomb's ghost (amateur DsGl)
  2399 | D:3      | Reached XP level 5. HP: 29/46 MP: 7/7
  2805 | D:3      | Noticed a sky beast
  2827 | D:3      | Killed a sky beast
  2828 | D:3      | Reached XP level 6. HP: 27/53 MP: 8/8
  3889 | D:4      | Noticed a black bear
  3910 | D:4      | Killed a black bear
  3911 | D:4      | Reached skill level 5 in Fighting
  3911 | D:4      | Reached XP level 7. HP: 36/61 MP: 10/10
  4385 | D:4      | Noticed Duvessa
  4385 | D:4      | Noticed Dowan
  4385 | D:4      | Noticed Ijyb
  4554 | D:3      | Killed Ijyb
  4660 | D:4      | HP: 15/61 [Dowan/puff of frost (11)]
  5391 | D:4      | Noticed Pikel
  5430 | D:3      | HP: 16/61 [Pikel (6)]
  5604 | D:2      | HP: 14/61 [Pikel (9)]
  5698 | D:2      | HP: 18/61 [Pikel (9)]
  5725 | D:2      | HP: 18/61 [Pikel (4)]
  5730 | D:2      | HP: 12/61 [Pikel (6)]
  5796 | D:2      | HP: 14/61 [Pikel (8)]
  5800 | D:2      | You fall into a shaft and drop 1 floor!
  6097 | D:4      | HP: 20/61 [lemure[Pikel] (6)]
  6562 | D:4      | Killed Duvessa
  6577 | D:4      | HP: 17/61 [Dowan/shard of ice (10)]
  6597 | D:4      | HP: 14/61 [Dowan (5)]
  6598 | D:4      | Killed Dowan
  7091 | D:5      | Entered Level 5 of the Dungeon
  7296 | D:5      | Reached XP level 8. HP: 59/70 MP: 11/11
  7380 | D:5      | Reached skill level 6 in Fighting
  8483 | D:5      | Reached skill level 10 in Axes
  8541 | D:6      | Noticed a hornet
  8547 | D:6      | Noticed Bricks's ghost (novice FoFi)
  8554 | D:6      | Noticed a queen bee
  8555 | D:6      | Found a transporter.
  8562 | D:6      | Found a transporter.
  8590 | D:6      | Found a staircase to the Ecumenical Temple.
  8633 | D:6      | Reached skill level 5 in Armour
  8778 | D:6      | Reached skill level 7 in Fighting
  8791 | D:6      | Found a shimmering blue altar of Sif Muna.
  8982 | D:6      | Reached XP level 9. HP: 28/79 MP: 12/12
  9484 | D:6      | Found Koxallin's Firing Range.
  9512 | D:6      | Bought a throwing net for 33 gold pieces
  9858 | D:7      | Noticed Harold
  9933 | D:7      | Noticed Menkaure
  9948 | D:7      | HP: 25/77 [bullfrog (5)]
 10511 | D:7      | Killed Menkaure
 10676 | D:7      | HP: 23/81 [Harold (15)]
 10677 | D:7      | HP: 8/81 [Harold (15)]
 10680 | D:7      | Killed Harold
 10681 | D:7      | Reached skill level 8 in Fighting
 11073 | D:7      | Found a bloodstained altar of Trog.
 11155 | D:7      | Found a sparkling altar of Nemelex Xobeh.
 11533 | D:7      | Found an ornate altar of the Wu Jian Council.
 11671 | D:7      | Found Vuen's Serpentskin Sales.
 11688 | D:7      | Reached XP level 10. HP: 70/90 MP: 13/13
 11798 | D:7      | Found a blossoming altar of Fedhas.
 11982 | D:7      | HP: 28/90 [hellwing (4)]
 11987 | D:7      | HP: 16/90 [hellwing (9)]
 11993 | D:7      | HP: 10/90 [hellwing (3)]
 11993 | D:7      | HP: 3/90 [hellwing (7)]
 11995 | D:7      | Reached skill level 9 in Fighting
 12785 | D:8      | Noticed Gastronok
 13004 | D:8      | Noticed a two-headed ogre
 13477 | D:8      | Reached skill level 10 in Fighting
 13915 | D:8      | Noticed a manticore
 13936 | D:7      | Killed a manticore
 13937 | D:7      | Reached skill level 1 in Evocations
 14197 | D:8      | Found a runed translucent door.
 14239 | D:8      | Killed a two-headed ogre
 14240 | D:8      | Reached skill level 11 in Fighting
 14240 | D:8      | Reached XP level 11. HP: 83/102 MP: 14/14
 14295 | D:8      | HP: 27/102 [Gastronok (17)]
 14297 | D:8      | Killed Gastronok
 14871 | D:8      | Found a broken altar of Ashenzari.
 15367 | D:8      | Found a basalt altar of Yredelemnul.
 15437 | D:8      | Found Kefexa's Antique Armour Boutique.
 15541 | D:9      | Reached skill level 12 in Fighting
 15811 | D:9      | Noticed a two-headed ogre
 15823 | D:9      | Killed a two-headed ogre
 15824 | D:9      | Reached skill level 10 in Armour
 16204 | D:9      | Noticed a two-headed ogre
 16214 | D:9      | Killed a two-headed ogre
 16919 | D:10     | Entered Level 10 of the Dungeon
 17116 | D:10     | Found an ancient bone altar of Kikubaaqudgha.
 17474 | D:10     | Noticed an Executioner
 17475 | D:10     | Found a burning altar of Makhleb.
 17479 | D:10     | Found a glowing silver altar of Zin.
 17479 | D:10     | Noticed an angel
 17565 | D:10     | Reached skill level 13 in Fighting
 17709 | D:10     | Reached skill level 1 in Shields
 17764 | D:10     | Reached XP level 12. HP: 49/115 MP: 15/15
 18290 | D:10     | Found a roughly hewn altar of Beogh.
 18433 | D:10     | Found a staircase to the Lair.
 18440 | D:10     | Noticed a two-headed ogre
 18651 | D:10     | Killed a two-headed ogre
 18892 | Lair:1   | Entered Level 1 of the Lair of Beasts
 18956 | Lair:1   | Reached skill level 14 in Fighting
 18972 | Lair:1   | Reached skill level 5 in Shields
 19756 | Lair:1   | Noticed a four-headed hydra
 19813 | D:10     | Killed a four-headed hydra
 20018 | Lair:1   | Reached skill level 15 in Fighting
 20526 | Lair:1   | HP: 34/121 [cane toad (10)]
 20532 | Lair:1   | HP: 7/121 [cane toad (10)]
 20603 | Lair:1   | HP: 39/121 [cane toad (1)]
 20608 | Lair:1   | HP: 23/121 [poisoned by a cane toad]
 20613 | Lair:1   | HP: 19/121 [poisoned by a cane toad]
 20666 | Lair:1   | HP: 17/121 [cane toad (16)]
 20681 | Lair:1   | HP: 15/121 [cane toad (6)]
 21149 | Lair:2   | Noticed a six-headed hydra
 21149 | Lair:2   | Noticed a five-headed hydra
 21802 | Lair:2   | Reached XP level 13. HP: 120/128 MP: 16/16
 22350 | Lair:1   | HP: 37/128 [six-headed hydra (11)]
 22351 | Lair:1   | HP: 18/128 [six-headed hydra (3)]
 22351 | Lair:1   | HP: 6/128 [six-headed hydra (5)]
 22354 | Lair:1   | Reached skill level 16 in Fighting
 23560 | Lair:2   | HP: 41/130 [death yak (12)]
 23574 | Lair:2   | HP: 40/130 [death yak (6)]
 23589 | Lair:2   | Found a transporter.
 23603 | Lair:1   | HP: 32/130 [death yak (14)]
 23962 | Lair:2   | Reached skill level 10 in Shields
 24220 | Lair:2   | Noticed Sonja
 24225 | Lair:2   | HP: 34/130 [Sonja (11)]
 24226 | Lair:2   | HP: 3/130 [Sonja (16)]
 24226 | Lair:2   | Demolished by Sonja

Illustrated notes

Levels and vault maps discovered:
D:1:      saegor_arrival_miasma, layout_loops_cross, chequers_decorated_corner
D:2:      kennysheep_big_flooded_room, layout_basic, serial_shops,
          nicolae_square_shop, kennysheep_generic_room_4, uniq_robin
D:3:      layout_loops_ring, ebering_ghost_reflecting_pool
D:4:      layout_loops_corners, uniq_duvessa, uniq_ijyb, uniq_pikel
D:5:      layout_gridville
D:6:      wad_crossroads, layout_rooms, mainiacjoe_overflow_24_doors,
          minmay_temple_entry_hall, gammafunk_ghost_hive,
          nicolae_shop_firing_range
D:7:      layout_basic, mainiacjoe_overflow_concentric_impassable,
          marbit_many_paths, pdpol_wu_jian_five_deadly_venoms,
          fedhas_altar_fruit_tree, chequers_serial_rivers_micro_c,
          serial_bayou_pond_d, guppyfry_shop_venom, uniq_menkaure, uniq_harold
D:8:      cheibrodos_grave_circle, layout_basic, cheibrodos_ashenzari_chains,
          dk_yredelemnul_ordeal, serial_shops, nicolae_shop_trees,
          uniq_gastronok
D:9:      layout_stronghold, moated_statue
D:10:     layout_roguey [special_room_orc],
          grunt_temple_overflow_order_and_chaos_2, kiku_gazebo_garden_becter,
          david_lair_shrubbed, kennysheep_cluttered_room
Lair:1:   layout_regular_city, chequers_serial_rivers_micro_c,
          hangedman_lair_unloving_vines, roderic_batcave
Lair:2:   layout_regular_city, gammafunk_ghost_abyssal_escape,
          grunt_megastairs_1, lemuel_fruit_tree, uniq_sonja

Skill      XL: |  1  2  3  4  5  6  7  8  9 10 11 12 13 |
---------------+----------------------------------------+-----
Axes           | 5 6 7 8 10 13 14 | 14.1
Armour         | 1 2 4 5 6 8 10 | 10.7
Fighting       | 4 5 7 8 11 13 15 16 | 16.6
Fire Magic     | 4 |  4.2
Spellcasting   | 2 |  2.0
Evocations     | 2 3 |  3.5
Shields        | 2 8 10 | 10.1

Action                   |  1- 3 |  4- 6 |  7- 9 | 10-12 | 13-15 || total
-------------------------+-------+-------+-------+-------+-------++-------
Melee: Hand axe          |   107 |   152 |   516 |   247 |       ||  1022
       Punch             |       |       |    10 |    12 |       ||    22
       Trident           |       |       |       |   665 |   218 ||   883
Throw: Dart              |       |       |     7 |    11 |     4 ||    22
       Throwing net      |       |       |     2 |     1 |       ||     3
Invok: Fiery Armour      |       |     1 |     1 |     2 |       ||     4
       Foxfire Swarm     |       |     1 |     1 |     1 |       ||     3
Evoke: Wand              |       |       |     5 |     5 |     2 ||    12
  Use: Scroll            |       |    12 |     7 |     5 |       ||    24
       Potion            |       |       |       |     3 |       ||     3
 Stab: Held in net/web   |       |       |       |     1 |       ||     1
Armor: Robe              |    15 |       |       |       |       ||    15
       Ring mail         |    26 |    72 |   101 |       |       ||   199
       Chain mail        |       |       |   103 |   670 |   176 ||   949
Dodge: Dodged            |    86 |    89 |   197 |   305 |    89 ||   766
Block: Kite shield       |       |       |       |   180 |   128 ||   308
